MLB
MILWAUKEE BREWERS @ CHICAGO CUBS
07/30/2045
 
TOP OF THE 1ST
Milwaukee Brewers batting - Pitching for Chicago Cubs : RHP Chris Ray
Pitching: RHP Chris Ray
Batting: SHB Pat Wilson 0-0: Called Strike
0-1: Ball
1-1: Ball
2-1: Ball
3-1: Called Strike
3-2: Ground out 6-3 (Groundball, 6, EV 100.0 MPH)
Batting: RHB Daniel Donovan 0-0: Ground out 6-3 (Groundball, 6, EV 85.0 MPH)
Batting: SHB Lewis Thorpe Jr. 0-0: Foul Ball, location: 2F
0-1: Foul Ball, location: 2F
0-2: Foul Ball, location: 2F
0-2: Ball
1-2: Ball
2-2: Hit by Pitch
Batting: SHB Jason Woods 0-0: Ball
1-0: Called Strike
1-1: Ball
2-1: Ball
3-1: Base on Balls
Lewis Thorpe Jr. to second
Batting: RHB Bobby Muniz 0-0: Ball
Wild Pitch!
Lewis Thorpe Jr. to third
Jason Woods to second
1-0: Ball
2-0: SINGLE (Groundball, 6MD, EV 101.2 MPH)
Lewis Thorpe Jr. scores
Jason Woods to third
Runner from 3rd tries for Home, SAFE, throw by CF to home
Batting: SHB Jean-François Bernard 0-0: Foul Ball, location: 2F
Pickoff Throw to First - Out! 1-3
Top of the 1st over - 2 runs, 1 hit, 0 errors, 0 left on base; Milwaukee 2 - Chicago 0
BOTTOM OF THE 1ST
Chicago Cubs batting - Pitching for Milwaukee Brewers : RHP Cody Autry
Pitching: RHP Cody Autry
Batting: RHB Yasuhide Kasahara 0-0: Called Strike
0-1: SINGLE (Groundball, 6MD, EV 110.0 MPH)
Batting: RHB Kaeo Zirpoli 0-0: Ball
1-0: Ball
2-0: Ball
3-0: Base on Balls
Yasuhide Kasahara to second
Batting: RHB Efrain Vargas 0-0: Ground out 5-3 (Groundball, 56S, EV 68.8 MPH)
Yasuhide Kasahara to third
Kaeo Zirpoli to second
Batting: SHB Terry Tuckfard 0-0: Foul Ball, location: 2F
0-1: Ball
1-1: Ball
2-1: Foul Ball, location: 2F
2-2: Ball
3-2: Base on Balls
Batting: RHB Josh Kalman 0-0: Ball
1-0: Ball
2-0: Ball
3-0: Base on Balls
Yasuhide Kasahara scores
Kaeo Zirpoli to third
Terry Tuckfard to second
Batting: LHB Kevin Norton 0-0: Ball
1-0: Ball
2-0: Called Strike
2-1: Ball
3-1: Grounds into double play, 3-6-3 (Groundball, 3S, EV 83.8 MPH)
Bottom of the 1st over - 1 run, 1 hit, 0 errors, 2 left on base; Milwaukee 2 - Chicago 1
TOP OF THE 2ND
Milwaukee Brewers batting - Pitching for Chicago Cubs : RHP Chris Ray
Batting: SHB Jean-François Bernard 0-0: Ball
1-0: Called Strike
1-1: Ball
2-1: Ball
3-1: Base on Balls
Batting: RHB Noah Stanley 0-0: Foul Ball, location: 2F
0-1: Ball
1-1: Called Strike
1-2: Strikes out swinging
Batting: RHB Kisho Ito 0-0: Ball
Passed Ball!
Jean-François Bernard to second
1-0: Called Strike
1-1: Ball
2-1: Ball
3-1: Base on Balls
Batting: RHB Ben Campbell 0-0: Called Strike
0-1: Ball
1-1: Called Strike
1-2: Grounds into double play, 5-4-3 (Groundball, 5, EV 97.5 MPH)
Top of the 2nd over - 0 runs, 0 hits, 0 errors, 1 left on base; Milwaukee 2 - Chicago 1
BOTTOM OF THE 2ND
Chicago Cubs batting - Pitching for Milwaukee Brewers : RHP Cody Autry
Batting: RHB Elijah Campbell 0-0: Called Strike
0-1: Ball
1-1: Foul Ball, location: 2F
1-2: DOUBLE (Flyball, 8LXD, EV 93.8 MPH)
Batting: RHB Will Leslie 0-0: Ground out 6-3 (Groundball, 6S, EV 80.6 MPH)
Elijah Campbell to third
Batting: RHB Steve Bui 0-0: Ball
1-0: Ball
2-0: Ball
3-0: Ground out U3 (Groundball, 34S, EV 92.5 MPH)
Elijah Campbell scores
Batting: RHB Yasuhide Kasahara 0-0: Ball
1-0: Called Strike
1-1: Ground out U3 (Groundball, 34, EV 82.5 MPH)
Bottom of the 2nd over - 1 run, 1 hit, 0 errors, 0 left on base; Milwaukee 2 - Chicago 2
TOP OF THE 3RD
Milwaukee Brewers batting - Pitching for Chicago Cubs : RHP Chris Ray
Batting: SHB Pat Wilson 0-0: Ball
1-0: Swinging Strike
1-1: Swinging Strike
1-2: Ball
2-2: Foul Ball, location: 2F
2-2: Foul Ball, location: 2F
2-2: Strikes out looking
Batting: RHB Daniel Donovan 0-0: Ball
1-0: Called Strike
1-1: Swinging Strike
1-2: Ball
2-2: Strikes out swinging
Batting: SHB Lewis Thorpe Jr. 0-0: Called Strike
0-1: Hit by Pitch
Batting: SHB Jason Woods 0-0: Called Strike
Lewis Thorpe Jr. is caught stealing 2nd base 2-6
Top of the 3rd over - 0 runs, 0 hits, 0 errors, 0 left on base; Milwaukee 2 - Chicago 2
BOTTOM OF THE 3RD
Chicago Cubs batting - Pitching for Milwaukee Brewers : RHP Cody Autry
Batting: RHB Kaeo Zirpoli 0-0: Ground out 3-1 (Groundball, 34, EV 76.2 MPH)
Batting: RHB Efrain Vargas 0-0: Ball
1-0: Ball
2-0: Called Strike
2-1: Ball
3-1: Base on Balls
Batting: SHB Terry Tuckfard 0-0: Fly out, F9 (Flyball, 89S, EV 76.9 MPH)
Batting: RHB Josh Kalman 0-0: Ball
1-0: Called Strike
1-1: Swinging Strike
1-2: Foul Ball, location: 2F
1-2: Ball
Efrain Vargas is caught stealing 2nd base 2-4
Bottom of the 3rd over - 0 runs, 0 hits, 0 errors, 0 left on base; Milwaukee 2 - Chicago 2
TOP OF THE 4TH
Milwaukee Brewers batting - Pitching for Chicago Cubs : RHP Chris Ray
Batting: SHB Jason Woods 0-0: Swinging Strike
0-1: Ball
1-1: Ball
2-1: Swinging Strike
2-2: Strikes out swinging
Batting: RHB Bobby Muniz 0-0: Ball
1-0: Foul Ball, location: 2F
1-1: Ball
2-1: Ball
3-1: Base on Balls
Batting: SHB Jean-François Bernard 0-0: Ball
1-0: SINGLE (Groundball, 34D, EV 108.8 MPH)
Bobby Muniz to second
Runner from 2nd tries for 3rd, SAFE, throw by RF made to third
Batting: RHB Noah Stanley 0-0: Foul Ball, location: 2F
0-1: Grounds into double play, 5-4-3 (Groundball, 5, EV 98.1 MPH)
Top of the 4th over - 0 runs, 1 hit, 0 errors, 1 left on base; Milwaukee 2 - Chicago 2
BOTTOM OF THE 4TH
Chicago Cubs batting - Pitching for Milwaukee Brewers : RHP Cody Autry
Batting: RHB Josh Kalman 0-0: Foul Ball, location: 2F
0-1: Ball
1-1: Ball
2-1: Called Strike
2-2: Ball
3-2: Foul Ball, location: 2F
3-2: Foul Ball, location: 2F
3-2: Foul Ball, location: 2F
3-2: Strikes out looking
Batting: LHB Kevin Norton 0-0: Ball
1-0: Ball
2-0: Swinging Strike
2-1: DOUBLE (Line Drive, 5D, EV 106.2 MPH)
Batting: RHB Elijah Campbell 0-0: Ball
1-0: Called Strike
1-1: Ball
2-1: Foul Ball, location: 2F
2-2: Foul Ball, location: 2F
2-2: Foul Ball, location: 2F
2-2: Foul Ball, location: 2F
2-2: Ball
3-2: Fly out, F8 (Flyball, 8LXD, EV 100.6 MPH)
Runner from 2nd tags up, SAFE at 3rd, no throw by CF
Batting: RHB Will Leslie 0-0: Ball
Wild Pitch!
Kevin Norton scores
1-0: Ball
2-0: TRIPLE (Line Drive, 9LD, EV 98.8 MPH)
Batting: RHB Steve Bui 0-0: Called Strike
0-1: Swinging Strike
0-2: Ball
1-2: Foul Ball, location: 2F
1-2: Ball
2-2: Ball
3-2: SINGLE (Line Drive, 8LS, EV 111.2 MPH)
Will Leslie scores
Batting: RHB Yasuhide Kasahara 0-0: Ball
1-0: DOUBLE (Flyball, 8RXD, EV 91.2 MPH)
Steve Bui to third
Runner from 3rd tries for Home, SAFE, throw by CF to home
Pitching: RHP Matt Cooper
Batting: RHB Kaeo Zirpoli 0-0: Ball
1-0: Ball
2-0: Ball
3-0: Base on Balls
Batting: RHB Efrain Vargas 0-0: Ball
1-0: Ball
2-0: Swinging Strike
2-1: Ground out 6-3 (Groundball, 6S, EV 70.0 MPH)
Bottom of the 4th over - 3 runs, 4 hits, 0 errors, 2 left on base; Milwaukee 2 - Chicago 5
TOP OF THE 5TH
Milwaukee Brewers batting - Pitching for Chicago Cubs : RHP Chris Ray
Batting: RHB Kisho Ito 0-0: Called Strike
0-1: Fly out, F9 (Line Drive, 9, EV 109.4 MPH)
Batting: RHB Ben Campbell 0-0: Called Strike
0-1: Ball
1-1: Foul Ball, location: 2F
1-2: Strikes out looking
Batting: SHB Pat Wilson 0-0: Ball
1-0: Ball
2-0: Called Strike
2-1: Called Strike
2-2: Ball
3-2: Ground out 4-3 (Groundball, 4, EV 86.2 MPH)
Top of the 5th over - 0 runs, 0 hits, 0 errors, 0 left on base; Milwaukee 2 - Chicago 5
BOTTOM OF THE 5TH
Chicago Cubs batting - Pitching for Milwaukee Brewers : RHP Matt Cooper
Batting: SHB Terry Tuckfard 0-0: Ball
1-0: Foul Ball, location: 2F
1-1: Foul Ball, location: 2F
1-2: DOUBLE (Flyball, 8RXD, EV 105.6 MPH)
Batting: RHB Josh Kalman 0-0: Ball
1-0: Swinging Strike
1-1: Ball
2-1: Foul Ball, location: 2F
2-2: SINGLE (Groundball, 56, EV 105.0 MPH)
Terry Tuckfard to third
Batting: LHB Kevin Norton 0-0: Called Strike
0-1: Ball
1-1: Foul Ball, location: 2F
1-2: Fly out, F7 (Flyball, 78XD, EV 102.5 MPH)
Runner from 3rd tags up, SCORES, no throw by LF
Batting: RHB Elijah Campbell 0-0: Called Strike
0-1: DOUBLE (Groundball, 3L, EV 103.1 MPH)
Josh Kalman to third
Runner from 3rd tries for Home, SAFE, throw by RF to home
Batting: RHB Will Leslie 0-0: Called Strike
0-1: Called Strike
0-2: Strikes out swinging
Batting: RHB Steve Bui 0-0: Called Strike
0-1: Ball
1-1: Foul Ball, location: 2F
1-2: Foul Ball, location: 2F
1-2: Foul Ball, location: 2F
1-2: Ball
2-2: Foul Ball, location: 2F
2-2: Ground out U3 (Groundball, 3S, EV 80.6 MPH)
Bottom of the 5th over - 2 runs, 3 hits, 0 errors, 1 left on base; Milwaukee 2 - Chicago 7
TOP OF THE 6TH
Milwaukee Brewers batting - Pitching for Chicago Cubs : RHP Chris Ray
Batting: RHB Daniel Donovan 0-0: Foul Ball, location: 2F
0-1: Ball
1-1: Foul Ball, location: 2F
1-2: Ball
2-2: Foul Ball, location: 2F
2-2: Fly out, F8 (Flyball, 89D, EV 83.1 MPH)
Batting: SHB Lewis Thorpe Jr. 0-0: Ball
1-0: Swinging Strike
1-1: Ball
2-1: Foul Ball, location: 2F
2-2: Ground out 4-3 (Groundball, 4S, EV 88.8 MPH)
Batting: SHB Jason Woods 0-0: Called Strike
0-1: Ball
1-1: Ball
2-1: Called Strike
2-2: Strikes out swinging
Top of the 6th over - 0 runs, 0 hits, 0 errors, 0 left on base; Milwaukee 2 - Chicago 7
BOTTOM OF THE 6TH
Chicago Cubs batting - Pitching for Milwaukee Brewers : RHP Matt Cooper
Batting: RHB Yasuhide Kasahara 0-0: Called Strike
0-1: Fly out, F3 (Popup, 3SF, EV 87.5 MPH)
Batting: RHB Kaeo Zirpoli 0-0: Ball
1-0: Called Strike
1-1: Ball
2-1: Ball
3-1: Base on Balls
Pitching: RHP Jose Avila
Batting: RHB Efrain Vargas 0-0: Called Strike
0-1: Ball
1-1: Foul Ball, location: 2F
1-2: SINGLE (Groundball, 6MD, EV 106.2 MPH)
Kaeo Zirpoli to second
Batting: SHB Terry Tuckfard 0-0: Ball
1-0: Ball
2-0: Grounds into double play, 4-6-3 (Groundball, 4, EV 104.4 MPH)
Bottom of the 6th over - 0 runs, 1 hit, 0 errors, 1 left on base; Milwaukee 2 - Chicago 7
TOP OF THE 7TH
Milwaukee Brewers batting - Pitching for Chicago Cubs : RHP Chris Ray
Batting: RHB Bobby Muniz 0-0: Ball
1-0: Ball
2-0: Ball
3-0: Called Strike
3-1: Fly out, F7 (Flyball, 78D, EV 82.5 MPH)
Pitching: LHP Jay Turpin
Batting: SHB Jean-François Bernard 0-0: Called Strike
0-1: Ball
1-1: Ball
2-1: Swinging Strike
2-2: Foul Ball, location: 2F
2-2: Strikes out looking and he ARGUES THE CALL AND IS TOSSED!
Batting: RHB Noah Stanley 0-0: Called Strike
0-1: Ball
1-1: Fly out, F7 (Flyball, 7, EV 90.6 MPH)
Top of the 7th over - 0 runs, 0 hits, 0 errors, 0 left on base; Milwaukee 2 - Chicago 7
BOTTOM OF THE 7TH
Chicago Cubs batting - Pitching for Milwaukee Brewers : RHP Jose Avila
Now at 2B: Adrian Rudkilde
Batting: RHB Josh Kalman 0-0: Ball
1-0: Ball
2-0: Reached on error, E5 (Groundball, 56S, EV 62.5 MPH)
Batting: LHB Kevin Norton 0-0: Fielders Choice at 2nd, 4-6 (Groundball, 4M, EV 98.8 MPH)
Batting: RHB Elijah Campbell 0-0: Called Strike
0-1: Called Strike
Kevin Norton steals 2nd base
0-2: Foul Ball, location: 2F
0-2: TRIPLE (Line Drive, 89XD, EV 110.0 MPH)
Kevin Norton scores
Batting: RHB Will Leslie 0-0: Called Strike
0-1: Ground out 5-3 (Groundball, 56, EV 86.2 MPH)
Elijah Campbell scores
Batting: RHB Steve Bui 0-0: Foul Ball, location: 2F
0-1: Called Strike
0-2: Ball
1-2: Foul Ball, location: 2F
1-2: DOUBLE (Line Drive, 3D, EV 99.4 MPH)
Batting: RHB Yasuhide Kasahara 0-0: 2-RUN HOME RUN (Flyball, 78XD, EV 98.8 MPH), Distance : 391 ft
Batting: RHB Kaeo Zirpoli 0-0: Ball
1-0: Ball
2-0: Ball
3-0: Base on Balls
Pitching: RHP Luis Mejia
Batting: RHB Efrain Vargas 0-0: Ball
1-0: Ball
2-0: Ball
3-0: Base on Balls
Kaeo Zirpoli to second
Batting: SHB Terry Tuckfard 0-0: Swinging Strike
0-1: Foul Ball, location: 2F
0-2: Ball
1-2: Strikes out swinging
Bottom of the 7th over - 4 runs, 3 hits, 1 error, 2 left on base; Milwaukee 2 - Chicago 11
TOP OF THE 8TH
Milwaukee Brewers batting - Pitching for Chicago Cubs : LHP Jay Turpin
Batting: RHB Kisho Ito 0-0: Fly out, F7 (Line Drive, 7, EV 106.2 MPH)
Batting: RHB Ben Campbell 0-0: Foul Ball, location: 2F
0-1: Ball
1-1: Foul Ball, location: 2F
1-2: Strikes out swinging
Batting: SHB Pat Wilson 0-0: Ball
1-0: Ground out U3 (Groundball, 34, EV 86.9 MPH)
Top of the 8th over - 0 runs, 0 hits, 0 errors, 0 left on base; Milwaukee 2 - Chicago 11
BOTTOM OF THE 8TH
Chicago Cubs batting - Pitching for Milwaukee Brewers : RHP Luis Mejia
Batting: RHB Josh Kalman 0-0: Ball
1-0: Ball
2-0: SINGLE (Groundball, 56S, EV 70.0 MPH) (infield hit)
Pinch Runner at 1st Pat Barton:
Batting: LHB Kevin Norton 0-0: Called Strike
0-1: Fly out, F9 (Flyball, 89S, EV 79.4 MPH)
Batting: RHB Elijah Campbell 0-0: Ball
1-0: Called Strike
1-1: Swinging Strike
1-2: Strikes out swinging
Batting: RHB Will Leslie 0-0: Ball
1-0: Ball
2-0: Ground out 5-3 (Groundball, 56S, EV 61.9 MPH)
Bottom of the 8th over - 0 runs, 1 hit, 0 errors, 1 left on base; Milwaukee 2 - Chicago 11
TOP OF THE 9TH
Milwaukee Brewers batting - Pitching for Chicago Cubs : LHP Jay Turpin
Now in LF: Pat Barton
Pinch Hitting: LHB Mike Staley 0-0: Ball
1-0: Fly out, F9 (Flyball, 9D, EV 93.1 MPH)
Batting: SHB Lewis Thorpe Jr. 0-0: Ball
1-0: Foul Ball, location: 2F
1-1: SINGLE (Line Drive, 56, EV 94.4 MPH)
Batting: SHB Jason Woods 0-0: Called Strike
0-1: Called Strike
0-2: Strikes out swinging
Batting: RHB Bobby Muniz 0-0: SINGLE (Groundball, 4MD, EV 93.8 MPH)
Lewis Thorpe Jr. to second
Batting: RHB Adrian Rudkilde 0-0: Ball
1-0: Ball
2-0: Swinging Strike
2-1: Ball
3-1: Foul Ball, location: 2F
3-2: Base on Balls
Lewis Thorpe Jr. to third
Bobby Muniz to second
Batting: RHB Noah Stanley 0-0: Ball
1-0: Fly out, F7 (Flyball, 7LD, EV 108.8 MPH)
Top of the 9th over - 0 runs, 2 hits, 0 errors, 3 left on base; Milwaukee 2 - Chicago 11
Wednesday, June 22nd , 2022 - OOTP Baseball 23.4 Build 64